 Dungeon Crawl Stone Soup version 0.27.1-33-g824d729ab1 (webtiles) character file.

Game seed: 17089269421949616173

60 unlimited1921 the Chopper (level 4, -8/41 HPs)
             Began as a Hill Orc Monk on Dec 2, 2021.
             Killed by divine providence
             ... invoked by an orc priest
              (11 damage)
             ... on level 2 of the Dungeon.
             The game lasted 00:08:02 (2226 turns).

unlimited1921 the Chopper (Hill Orc Monk)           Turns: 2226, Time: 00:08:02

Health: -8/41      AC:  3    Str: 14    XL:     4   Next: 6%
Magic:  13/13      EV: 12    Int: 10    God:
Gold:   92         SH:  0    Dex: 13    Spells: 3/3 levels left

rFire    . . .     SeeInvis .   a - +0 hand axe
rCold    . . .     Faith    .   (no shield)
rNeg     . . .     Spirit   .   g - +0 leather armour
rPois    .         Reflect  .   (no helmet)
rElec    .         Harm     .   (no cloak)
rCorr    .         Rampage  .   (no gloves)
Will     .....                  (no boots)
Stlth    ++........             (no amulet)
HPRegen  0.13/turn              h - ring of magical power
MPRegen  0.13/turn              (no ring)

@: mighty
A: no striking features
a: Convert to Beogh


You were on level 2 of the Dungeon.
You visited 1 branch of the dungeon, and saw 2 of its levels.

You collected 92 gold pieces.

Inventory:

Hand Weapons
 a - a +0 hand axe (weapon)
 k - a +0 short sword
Armour
 b - a +0 robe
 g - a +0 leather armour (worn)
Jewellery
 h - a ring of magical power (left hand)
Scrolls
 c - a scroll of amnesia {unknown}
 d - a scroll of enchant weapon {unknown}
 e - a scroll of enchant armour {unknown}
 f - 2 scrolls of identify {unknown}
 i - a scroll of summoning {unknown}
 j - a scroll of teleportation {unknown}


   Skills:
 * Level 4.4 Fighting
 + Level 4.8 Axes
 + Level 1.1 Armour
 + Level 2.7 Dodging
 + Level 1.7 Stealth


You had 3 spell levels left.
You didn't know any spells.
Your spell library was empty.

Dungeon Overview and Level Annotations

Branches:
Dungeon (2/15)

Altars:
Elyvilon

Shops:
D:1 :

Annotations:
D:2 1 runed translucent door, Crazy Yiuf


Message History

The hobgoblin is lightly wounded.
You barely miss the orc wizard.
The orc wizard hits you but does no damage.
The orc priest calls down the wrath of Beogh upon you.
Beogh smites you!
The hobgoblin hits you but does no damage.
You slash the hobgoblin!
You kill the hobgoblin!
You hit the orc wizard.
The orc wizard hits you with a +0 dagger.
You are too injured to fight recklessly!
The orc priest mumbles some strange prayers to Beogh against you.
Beogh smites you!
* * * LOW HITPOINT WARNING * * *
The orc wizard points at you and mumbles some strange words.
The puff of flame misses you.
The orc priest calls down the wrath of Beogh upon you.
Beogh smites you!
* * * LOW HITPOINT WARNING * * *
The orc wizard mumbles some strange words.
The orc wizard flickers and vanishes!
Deactivating autopickup; reactivate with Ctrl-A.
There are monsters nearby!
Unknown command.
Unknown command.
It was a potion of might.
You feel very mighty all of a sudden. The orc closely misses you.
The bat hits you but does no damage. The bat hits you but does no damage.
The bat hits you but does no damage. The bat barely misses you.
Things that are here:
a +0 short sword; a +0 robe; a kobold corpse The bat misses you.
The bat barely misses you. The bat misses you. The bat closely misses you.
The orc priest mumbles some strange prayers to Beogh against you.
Beogh smites you!
You die...

......................## .....
..####.####.........†..#####..##
..#)#...#(#........).†..##.....#
..##.....##.###o...).....#.....#
..#.......#.# #................#
.......o....# #............._..##
..#.......#.# #.o................
†.##..††.##.# #..........#.....##
#.#.#..)#.#.. #.@b........##...#
#o####.####..##.........#..#†..##
#.. ..... ...............#.#.....
###########.##...................
....................##
#.#..................
#.#..........####.#..
#....................
#.#.#.<...†..##..##..


You could see an orc priest, an orc and a bat.

Vanquished Creatures
  An adder (D:1)
  3 dart slugs (D:2)
  An orc (D:2)
  3 bats
  5 endoplasms
  2 giant cockroaches (D:1)
  5 hobgoblins
  A quokka (D:1)
  3 ball pythons
  A frilled lizard (D:1)
  4 goblins
  7 kobolds
  4 rats
40 creatures vanquished.

Notes
Turn   | Place    | Note
-------+----------+-------------------------------------------
     0 | D:1      | unlimited1921 the Hill Orc Monk began the quest for the
                  | Orb.
     0 | D:1      | Reached XP level 1. HP: 19/19 MP: 1/1
   241 | D:1      | Reached XP level 2. HP: 21/27 MP: 2/2
   320 | D:1      | Found Puxem's Book Emporium.
  1062 | D:2      | Found a runed translucent door.
  1063 | D:2      | Noticed Crazy Yiuf
  1079 | D:2      | Reached XP level 3. HP: 33/33 MP: 3/3
  1910 | D:2      | Found a white marble altar of Elyvilon.
  2118 | D:2      | Reached skill level 1 in Armour
  2121 | D:2      | Reached XP level 4. HP: 34/41 MP: 4/4
  2210 | D:2      | HP: 1/41 [orc priest/divine providence (9)]
  2226 | D:2      | Killed from afar by an orc priest

Illustrated notes

Levels and vault maps discovered:
D:1:      amcnicky_arrival_flooded_fountain, layout_rooms, serial_shops, shop
D:2:      layout_rooms, basic_altar, minmay_nonomino_d4, uniq_crazy_yiuf_cottage

Skill      XL: |  1  2  3 |
---------------+----------+-----
Fighting       | 4 |  4.4
Armour         | 1 |  1.1
Axes           | |  4.8
Dodging        | |  2.7
Stealth        | |  1.7

Action                   |  1- 3 |  4- 6 || total
-------------------------+-------+-------++-------
Melee: Hand axe          |   126 |     4 ||   130
  Use: Potion            |     4 |     1 ||     5
 Stab: Sleeping          |     1 |       ||     1
       Distracted        |     1 |       ||     1
Armor: Leather armour    |    35 |     6 ||    41
       Robe              |     5 |       ||     5
Dodge: Dodged            |    96 |     7 ||   103
